 Dungeon Crawl Stone Soup version 0.23.0 (webtiles) character file.

Game seed: 14084596681381333127

298 plumbum the Digger (level 6, -1/34 HPs)
             Began as a Gargoyle Earth Elementalist on Feb 12, 2019.
             Slain by a gnoll
             ... wielding a +0 spear
              (6 damage)
             ... on level 2 of the Dungeon.
             The game lasted 00:11:22 (1947 turns).

plumbum the Digger (Gargoyle Earth Elementalist)    Turns: 1947, Time: 00:11:23

Health: -1/34      AC:  6    Str: 16    XL:     6   Next: 35%
Magic:  10/11      EV: 12    Int: 18    God:
Gold:   73         SH:  0    Dex: 10    Spells: 4/12 levels left

rFire    . . .     SeeInvis .   a - +0 hand axe
rCold    . . .     Gourm    .   (no shield)
rNeg     + . .     Faith    .   o - +0 robe
rPois    ∞         Spirit   .   (no helmet)
rElec    +         Reflect  .   (no cloak)
rCorr    .         Harm     .   (no gloves)
MR       .....                  (no boots)
Stlth    ++........             (no amulet)
HPRegen  0.11/turn              (no ring)
MPRegen  0.12/turn              (no ring)

@: mighty
A: negative energy resistance 1, electricity resistance, unbreathing,
petrification resistance, rot immunity, AC +4
a: no special abilities


You were on level 2 of the Dungeon.
You were not hungry.

You visited 1 branch of the dungeon, and saw 3 of its levels.

You collected 73 gold pieces.

Inventory:

Hand Weapons
 a - a +0 hand axe (weapon)
 e - a +0 hunting sling
Missiles
 n - 34 sling bullets
Armour
 o - a +0 robe (worn)
Potions
 b - a potion of degeneration {unknown}
 g - a potion of mutation {unknown}
 i - a potion of might
 j - a potion of lignification {unknown}
Comestibles
 c - 2 chunks of flesh
 d - 3 rations


   Skills:
 + Level 1.0 Fighting
 + Level 1.6 Axes
 + Level 2.1 Dodging
 + Level 3.4 Stealth
 + Level 3.8 Spellcasting
 + Level 0.2 Conjurations
 + Level 0.7 Transmutations
 + Level 5.2 Earth Magic


You had 4 spell levels left.
You knew the following spells:

 Your Spells              Type           Power        Failure   Level  Hunger
a - Sandblast             Erth           ###...       1%          1    None
b - Stone Arrow           Conj/Erth      ##....       14%         3    ###....
c - Petrify               Tmut/Erth      ##......     41%         4    ####...

Your spell library contained the following spells:

 Spells                   Type           Power        Failure   Level  Hunger
 Passwall                 Tmut/Erth      ##......     7%          2    ##.....
 Lee's Rapid Deconstruct  Erth           ###.......   43%         5    ######.


Dungeon Overview and Level Annotations

Branches:
Dungeon (3/15)

Altars:


Innate Abilities, Weirdness & Mutations

You are resistant to torment.
Your stone body is resilient. (AC +4)
You are immune to poison.
You resist negative energy. (rN+)
You are resistant to electric shocks. (rElec)
You can survive without breathing.
You are immune to petrification.
You are immune to rotting.


Message History

Okay, then.
As you read the scroll labeled VAETZO GUGUSHROS, it crumbles to dust.
It is a scroll of identify.
i - 2 potions of might The hobgoblin hits you but does no damage.
You feel very mighty all of a sudden. The hobgoblin hits you.
* * * LOW HITPOINT WARNING * * *
You slash the hobgoblin!
You kill the hobgoblin!
You slash the gnoll!
The gnoll is almost dead.
The gnoll closely misses you.
The gnoll hits you from afar with a +0 spear.
* * * LOW HITPOINT WARNING * * *
You slash the gnoll!
You kill the gnoll!
Your Fighting skill increases to level 1!
The gnoll hits you from afar with a +0 spear.
You die...

......#.# #P.###
#.#.# ......#.#
#.......###g#.#
##...##.#
#.........g.g.#
##...##.#
.......###g###
##...##.# ........
#.### ##....#.####
..... #...#
......#....# ...
#.#.# ##....#....#
#.# #####.#
.#...##....#
#@###§§§g.#
.##..##....#
#†#§§§#####
.##..##....# #.g§§##
.##...#.#### #.§§§#
.##...#.<..# ##...#
.###..#.##.##########
.#................#
.#.#....###.....[.#
.#.#..............#


You could see a gnoll.

Vanquished Creatures
  Sigmund (D:2)
  An orc priest (D:2)
  Terence (D:2)
  2 gnolls (D:2)
  An adder (D:2)
  2 worms (D:2)
  2 dart slugs
  2 leopard geckos
  3 orcs (D:2)
  7 bats
  2 giant cockroaches
  3 hobgoblins
  5 jackals
  A ball python (D:2)
  6 frilled lizards
  4 goblins
  3 kobolds
  A rat (D:1)
47 creatures vanquished.

Notes
Turn   | Place    | Note
-------+----------+-------------------------------------------
     0 | D:1      | plumbum the Gargoyle Earth Elementalist began the quest for
                  | the Orb.
     0 | D:1      | Reached XP level 1. HP: 10/10 MP: 3/3
   141 | D:1      | Reached XP level 2. HP: 15/15 MP: 1/5
   201 | D:1      | Reached skill level 4 in Earth Magic
   773 | D:2      | Noticed Terence
   789 | D:2      | Killed Terence
   789 | D:2      | Reached XP level 3. HP: 6/19 MP: 0/6
  1088 | D:2      | Reached XP level 4. HP: 15/24 MP: 5/8
  1093 | D:2      | Learned a level 3 spell: Stone Arrow
  1098 | D:2      | Learned a level 4 spell: Petrify
  1118 | D:2      | Noticed Sigmund
  1155 | D:2      | Killed Sigmund
  1155 | D:2      | Reached skill level 1 in Axes
  1155 | D:2      | Reached skill level 5 in Earth Magic
  1155 | D:2      | Reached XP level 5. HP: 16/28 MP: 1/10
  1232 | D:2      | Reached XP level 6. HP: 21/33 MP: 3/11
  1947 | D:2      | Reached skill level 1 in Fighting
  1947 | D:2      | Slain by a gnoll

Skill      XL: |  1  2  3  4  5  6 |
---------------+-------------------+-----
Earth Magic    | 4 5 |  5.2
Axes           | 1 |  1.6
Dodging        | 2 |  2.1
Stealth        | 3 |  3.4
Spellcasting   | 3 |  3.8
Fighting       | 1 |  1.0
Conjurations   | |  0.2
Transmutations | |  0.7

Action                   |  1- 3 |  4- 6 || total
-------------------------+-------+-------++-------
Melee: Unarmed           |     5 |       ||     5
       Hand axe          |    31 |    83 ||   114
 Cast: Sandblast         |    23 |     7 ||    30
       Stone Arrow       |       |     9 ||     9
  Use: Potion            |       |     3 ||     3
       Scroll            |       |     3 ||     3
 Stab: Sleeping          |     3 |     3 ||     6
  Eat: Ration            |     1 |       ||     1
       Chunk             |       |     1 ||     1
Armor: Robe              |    21 |    31 ||    52
Dodge: Dodged            |    28 |    72 ||   100
